[Event "67th Mexican-ch Open 2022"]
[Site "Chihuahua"]
[Date "2022.04.15"]
[Round "5.1"]
[White "Cordova, Emilio"]
[Black "Salinas Herrera, Pablo"]
[Result "1/2-1/2"]
[ECO "A07"]
[WhiteElo "2534"]
[BlackElo "2517"]
[Annotator "TA"]
[PlyCount "74"]
[EventDate "2022.04.12"]
[EventType "swiss"]
[EventCountry "MEX"]
[SourceTitle "playchess.com"]
[Source "ChessBase"]
[SourceQuality "1"]
[TimeControl "5400+30"]

1. Nf3 d5 2. g3 Bg4 3. Bg2 e6 4. d3 Nf6 5. O-O Be7 6. Nbd2 {[%emt 0:00:30] A07: Réti Opening: New York and Capablanca Systems.} O-O 7. h3 Bh5 8. g4 Bg6 9. Ne5 Nbd7 10. Nxg6 hxg6 11. e3 c6 12. f4 {[%emt 1:30:34] [#]} (12. h4 {was preferrable.}) 12... e5 $146 ({Predecessor:} 12... a5 13. Qe1 a4 14. a3 Qc7 15. g5 Ne8 16. h4 e5 17. f5 gxf5 18. Rxf5 Nd6 {1-0 (43) Meyer,P (2350)-Abel,T (2400) Germany 1999}) 13. fxe5 Nxe5 14. d4 Ned7 15. c4 Bb4 16. a3 Bxd2 17. Bxd2 Re8 18. cxd5 cxd5 19. Qf3 {[%emt 0:00:00] [#] aiming for g5.} Qe7 20. Qf4 Nb6 21. b3 {[%emt 0:00:00] Inhibits Nc4.} Rac8 22. Ra2 {[%emt 0:00:00] Against Rc2} Ne4 23. Bb4 Qc7 24. Qxc7 Rxc7 25. a4 Nd7 26. Raa1 Ndf6 27. Rfc1 Rec8 28. Rxc7 Rxc7 29. Bf1 Nh7 (29... Rc2 $5 ) 30. Bd3 f5 31. Ba5 {[%emt 0:00:32] This bishop pair is nice.} Rc8 32. Kg2 Nhf6 33. gxf5 gxf5 34. Be1 Kf7 35. Bb4 Ke6 36. Ra2 Rc1 37. Rc2 Rxc2+ {[%emt 0:01:55] An even fight not without its subleties.  Weighted Error Value: White=0.05 (flawless) /Black=0.06 (flawless)} 1/2-1/2

[Event "67th Mexican-ch Open 2022"]
[Site "Chihuahua"]
[Date "2022.04.15"]
[Round "5.3"]
[White "Galaviz Medina, Sion Radamantys"]
[Black "Gonzalez Zamora, Juan Carlos"]
[Result "0-1"]
[ECO "E32"]
[WhiteElo "2374"]
[BlackElo "2544"]
[Annotator "TA"]
[PlyCount "120"]
[EventDate "2022.04.12"]
[EventType "swiss"]
[EventCountry "MEX"]
[SourceTitle "playchess.com"]
[Source "ChessBase"]
[SourceQuality "1"]
[TimeControl "5400+30"]

1. d4 Nf6 2. c4 e6 3. Nc3 Bb4 4. Qc2 O-O 5. Bg5 h6 6. Bh4 d6 7. e3 b6 {[%emt 0:03:20] E32: Nimzo-Indian: Classical (4 Qc2): 4...0-0.} 8. Bd3 Bb7 9. f3 c5 {[%emt 0:00:29] The position is equal.} 10. Nge2 Bxc3+ 11. Qxc3 Nbd7 12. O-O Rc8 13. Qa3 a6 14. Rad1 {[%emt 0:00:54] [#]} Re8 $146 ({Predecessor:} 14... Qe7 15. Bb1 Rfd8 16. Qd3 Nf8 17. Qb3 b5 18. dxc5 Rxc5 19. cxb5 Rxb5 20. Qa3 Ng6 21. Bxg6 fxg6 {½-½ (32) Savva,P (1980)-Damianou,I (2176) Nicosia 2022}) 15. Nc3 Qc7 16. Bg3 (16. Rfe1 $16) 16... e5 (16... Nh5 $1 $11) 17. Bf5 $16 Rcd8 18. Bh4 (18. dxc5 $16 {[%cal Oc5c6] Threatens to win with c6!} Nxc5 19. Bh4) 18... cxd4 $14 19. exd4 exd4 (19... Qxc4 $14 20. Qxd6 Nf8 21. Qxb6 exd4) 20. Rxd4 $16 Ne5 21. b3 b5 {[%emt 0:01:04][%cal Ob5b4] [#] ...b4! is the strong threat.} 22. Bxf6 gxf6 23. Rh4 (23. Qc1 $16 Qc5 24. Qd2 (24. Qf4 Kg7 $11)) 23... Qb6+ $11 24. Kh1 $132 {[%emt 0:00:56][%mdl 2048] aiming for Qc1. White is not holding back} Qe3 25. Qc1 {[%emt 0:05:57] [#]} ({But not} 25. cxb5 Qxc3 26. bxa6 Ra8 27. Qxd6 (27. a7 $2 Ng6 $19) 27... Rxa6 $17) 25... Qg5 ({Black should try} 25... Nxf3 $1 $11 26. Rg4+ (26. Rxh6 $2 Nd2 $19) (26. Qxe3 Rxe3) 26... Kf8) 26. Qxg5+ (26. Rf4 $1 $14) 26... hxg5 27. Rd4 bxc4 28. bxc4 Kg7 29. Rb1 Bc8 30. Bxc8 Rxc8 31. Rxd6 Nxc4 32. Rd3 ({Don't go for} 32. Rxa6 $2 Nd2 33. Rd1 Rxc3 $19) 32... Rb8 33. Rdd1 Rb2 34. Rxb2 Nxb2 {[%emt 0:00:09][%mdl 4096] Endgame KRN-KRN} 35. Rb1 Nd3 36. h3 f5 37. Kh2 Re5 38. Rb6 Re6 39. Rb3 Nf4 40. Rb2 Re1 41. Rd2 Re5 42. Kg3 Rc5 43. Ne2 Nxe2+ 44. Rxe2 {[%emt 0:00:03] KR-KR} Ra5 45. h4 f6 46. hxg5 fxg5 47. Kf2 Kf6 48. Kg3 Ra3 49. Kf2 a5 50. Rb2 f4 51. g3 Ke5 52. Re2+ Kd5 53. gxf4 gxf4 54. Kg2 a4 55. Rd2+ Kc4 56. Rf2 Kd3 57. Rb2 Ke3 {[%emt 0:00:38] Hoping for ...Rd3.} 58. Rf2 $2 (58. Rc2 $17) 58... Rd3 $19 {[%emt 0:00:21] ( -> ...Rd2)} 59. Rb2 Rd2+ 60. Rxd2 Kxd2 {[%emt 0:00:02] Weighted Error Value: White=0.31/Black=0.07 (flawless)} 0-1

[Event "67th Mexican-ch Open 2022"]
[Site "Chihuahua"]
[Date "2022.04.15"]
[Round "5.4"]
[White "Mareco, Sandro"]
[Black "Sandoval Mercado, Carlos"]
[Result "1-0"]
[ECO "A59"]
[WhiteElo "2643"]
[BlackElo "2289"]
[Annotator "TA"]
[PlyCount "89"]
[EventDate "2022.04.12"]
[EventType "swiss"]
[EventCountry "MEX"]
[SourceTitle "playchess.com"]
[Source "ChessBase"]
[SourceQuality "1"]
[TimeControl "5400+30"]

1. d4 Nf6 2. c4 c5 3. d5 b5 4. cxb5 a6 5. bxa6 g6 6. Nc3 Bxa6 7. e4 Bxf1 8. Kxf1 d6 9. g3 Bg7 10. Kg2 O-O 11. Nf3 Nbd7 12. a4 {[%emt 0:00:59] is now debated instead of 12.Re1.} Qb6 13. Qc2 Rfb8 {[%emt 0:06:41] A59: Benko/Volga Gambit: White castles by hand.} 14. Nb5 Ne8 15. Bd2 Nc7 {[%emt 0:09:08] White is better.} 16. Nxc7 {[%emt 0:00:08] &Bianco is more active.} Qxc7 17. Rab1 Qa7 18. b3 {[%emt 0:00:28] [#]} Rc8 $146 (18... Qa6 $142) ({Predecessor:} 18... Qa6 19. Rhc1 Rb7 20. h4 h6 21. Re1 c4 22. bxc4 Rxb1 23. Rxb1 Qxa4 24. Qxa4 Rxa4 {½-½ (37) Diermair,A (2461)-Spindelboeck,G (2246) Bad Gleichenberg 2014}) 19. a5 $16 Qb7 20. Rhc1 f5 21. Re1 fxe4 22. Qxe4 e5 (22... Nf6 {was worth a try.} 23. Qe6+ (23. Qxe7 Qxd5 24. Bf4 Re8 $16) 23... Kh8) 23. dxe6 $18 Qxe4 24. Rxe4 Nf6 25. Re2 d5 26. Rd1 Rcb8 27. e7 Rxb3 28. Bg5 {[%emt 0:00:06] [#] aiming for Bxf6.} Re8 29. Bxf6 Bxf6 30. Rxd5 c4 $2 (30... Rxe7 {keeps fighting.} 31. Rc2 Ra3 32. Rcxc5 (32. Rdxc5 Ra7 $18) 32... Kg7) 31. Nd2 Rb2 {[%emt 0:01:40] [#]} 32. Ne4 $1 Rxe2 33. Nxf6+ Kf7 34. Nxe8 Kxe8 {[%emt 0:01:01][%mdl 4096] Endgame KR-KR} 35. Rc5 Ra2 36. Rxc4 Kxe7 37. Rc7+ Kf6 (37... Kf8 $142 38. Ra7 Ke8) 38. Rxh7 Rxa5 39. h4 {[%emt 0:00:13] Hoping for g4.} Rb5 40. Ra7 $2 (40. g4 Re5 41. Kg3) 40... Rb2 $2 (40... Rb4 41. Rc7 Ra4) 41. g4 {[%emt 0:00:45][%cal Bg3g4,Bg4g5][%mdl 32] White is clearly winning.} Rb3 42. f3 Rb2+ 43. Kg3 Rb3 44. g5+ Ke5 45. Ra6 {[%emt 0:00:06] Black did not feel at home in the position after the opening.  Weighted Error Value: White=0.39/Black=0.44} 1-0

[Event "67th Mexican-ch Open 2022"]
[Site "Chihuahua"]
[Date "2022.04.15"]
[Round "5.5"]
[White "Diaz Villagran, Robert"]
[Black "Hernandez Guerrero, Gilberto"]
[Result "1/2-1/2"]
[ECO "A08"]
[WhiteElo "2318"]
[BlackElo "2564"]
[Annotator "TA"]
[PlyCount "94"]
[EventDate "2022.04.12"]
[EventType "swiss"]
[EventCountry "MEX"]
[SourceTitle "playchess.com"]
[Source "ChessBase"]
[SourceQuality "1"]
[TimeControl "5400+30"]

1. e4 e6 2. d3 d5 3. Nd2 c5 4. Ngf3 Nc6 5. g3 g6 6. Bg2 Bg7 7. O-O Nge7 8. c3 h6 {[%emt 0:00:23] A08: King's Indian Attack.} 9. exd5 exd5 10. Nb3 b6 11. d4 c4 12. Nbd2 Be6 13. Re1 O-O 14. Nf1 Qd7 15. h4 Rfe8 16. Bf4 {[%emt 0:02:26] [#]} f6 $146 ({Predecessor:} 16... b5 17. Qd2 Kh7 18. Ne3 a5 19. Re2 Nf5 20. Rae1 Nxe3 21. Rxe3 Bf5 {1-0 (63) Morcin,T (2291)-Sciarretta,R (2198) LSS email 2017}) 17. Bd2 a6 18. Ne3 b5 19. Kh2 Rab8 20. Ng1 b4 21. Bh3 bxc3 22. Bxe6+ Qxe6 23. bxc3 Qd7 (23... Qf7 $14) 24. Qf3 g5 25. Re2 Rf8 26. g4 (26. Rae1 $16) 26... f5 27. gxf5 Nxf5 28. Qxd5+ (28. Nxf5 $11 Qxf5 29. Qxf5 Rxf5 30. hxg5) 28... Qxd5 $17 29. Nxd5 {[%emt 0:00:08] [#]} Nxh4 ({Better is} 29... Ncxd4 $1 $15 30. cxd4 Nxd4) 30. Rae1 Rb7 ({Black should try} 30... Rbd8 $11 31. Ne3 Bxd4 $1 32. cxd4 Nxd4) 31. f4 (31. Kh3 $14) 31... Rf5 $1 $11 32. Ne3 Rxf4 {[%emt 0:01:01][%cal Og7d4] Strongly threatening ...Bxd4!} 33. Nxc4 Rf8 34. Kh3 Rc7 35. Nd6 Na5 36. Ne8 Rc8 37. Re7 {[%emt 0:00:35] [#]} (37. Nd6 $11 Rc6 38. Re6) 37... Nf5 $1 $17 38. R7e6 Nc4 39. Bc1 {[%emt 0:00:01] [#]} a5 (39... Ne5 $1 $17 40. dxe5 (40. Nxg7 $2 Rxc3+ 41. Kg2 Rc2+ 42. Re2 Nh4+ 43. Kh2 Ng4+ 44. Kg3 Rxc1 $19) 40... Rfxe8 41. Rxe8+ Rxe8) 40. Kg4 $15 {[%emt 0:00:24] [#]} Nfe3+ $1 41. Bxe3 {[%emt 0:00:20] The board is on fire.} Rfxe8 42. Bc1 {[%emt 0:00:12] The position is equal.} Kf7 43. Rxe8 Rxe8 44. Rxe8 Kxe8 45. Kf5 Kf7 {[%emt 0:00:16] ...Nd6+ is the strong threat.} 46. Ke4 $1 Ke6 47. Kd3 Kd5 {[%emt 0:02:16] Weighted Error Value: White=0.12 (very precise) /Black=0.11 (very precise)} 1/2-1/2

[Event "67th Mexican-ch Open 2022"]
[Site "Chihuahua"]
[Date "2022.04.15"]
[Round "5.6"]
[White "Obregon Rivero, Juan Carlos"]
[Black "Morales Garcia, Sergio Joshafatt"]
[Result "1-0"]
[ECO "B49"]
[WhiteElo "2536"]
[BlackElo "2246"]
[Annotator "TA"]
[PlyCount "78"]
[EventDate "2022.04.12"]
[EventType "swiss"]
[EventCountry "MEX"]
[SourceTitle "playchess.com"]
[Source "ChessBase"]
[SourceQuality "1"]
[TimeControl "5400+30"]

1. e4 c5 2. Nf3 e6 3. d4 cxd4 4. Nxd4 Nc6 5. Nc3 Qc7 6. Be3 a6 7. Be2 Nf6 8. O-O Bb4 9. Na4 O-O 10. Nxc6 bxc6 11. Nb6 {[%emt 0:00:00] 11.f4 is vanishing.} Rb8 12. Nxc8 Qxc8 (12... Rfxc8 $11 {deserves consideration.} 13. Bxa6 Re8) 13. Bf4 $14 {[%emt 0:00:00] This bishop pair is nice. B49: Sicilian: Taimanov: 5 Nc3 Qc7 6 Be3 a6 7 Be2.} Rb6 14. e5 Nd5 {[%emt 0:00:00] [#]} 15. Bc1 $146 {[%emt 0:00:00] With the idea c4. The position is equal.} (15. Bg3 $5 ) ({Predecessor:} 15. Bg3 Bc5 16. c4 Ne7 17. b3 Nf5 18. Bd3 Bd4 19. Bxf5 Bxa1 20. Bc2 Bb2 21. Qh5 {1-0 (40) Lopez Andujar Ocana,A (2051)-Marin Aso,J (1881) Madrid 2016}) 15... Bc5 16. a3 a5 17. Bd3 Qc7 18. Qe1 Rbb8 19. Rb1 {[%emt 0:00:00] [#]} (19. Bd2 $11) 19... Bxa3 $1 $15 20. Qe4 (20. c3 Be7) 20... f5 21. exf6 Nxf6 22. Qh4 Bc5 23. Bd2 d5 24. Ra1 Bb4 25. Bg5 e5 (25... h6 $17 26. Be3 Nd7) 26. Bf5 (26. Bxf6 $11 Rxf6 27. Qxh7+ Kf7 28. Qh5+ Ke7 29. f3) 26... Bc5 (26... h6 $5 27. Be3 d4 $15) 27. Bxf6 gxf6 $2 {[%emt 0:00:00] [#]} (27... Rxf6 $15 28. Qxh7+ Kf7 29. Qh5+ Ke7) 28. Rxa5 $1 $16 Bd4 (28... Rb5 29. Rxb5) 29. Ra3 $1 ({But not} 29. c3 $6 Bb6 30. Ra6 Kh8 $16) 29... e4 (29... Rxb2 $142 30. Qg4+ Kf7) 30. Rh3 Rb7 (30... Rf7 $142 31. Be6 Kh8) 31. Qg4+ $18 Qg7 32. Bxh7+ Kf7 33. Qf5 ({White should try} 33. Qh5+ $18 Ke7 34. Bxe4 $1 dxe4 35. Qf5) 33... Ke7 $16 34. Rg3 {[%emt 0:00:00] Chess con chili.} ({White should play} 34. Rd1 $16 Rxb2 35. Bg6 Rxc2 36. Rh7 Qxh7 37. Bxh7 Rxf2 38. Qxf2 (38. Rxd4 Rxf5 39. Bxf5 Kd6 $14) 38... Bxf2+ 39. Kxf2) 34... Qh6 (34... Qf7 $14) 35. Bg8 $18 {[%emt 0:00:00] Hoping for Qe6+.} Kd6 (35... Rd8 $142 36. c3 Be5) 36. Qe6+ Kc5 37. b4+ Kb5 38. c4+ Kxb4 39. Qxd5 $4 cxd5 {[%emt 0:00:39][%mdl 32768] What a bad dream for White.  Weighted Error Value: White=0.53/Black=0.77. Loss on time!?} 1-0

[Event "67th Mexican-ch Open 2022"]
[Site "Chihuahua"]
[Date "2022.04.15"]
[Round "5.7"]
[White "Quesada Perez, Luis Ernesto"]
[Black "Hernandez Guerrero, Eduardo"]
[Result "1-0"]
[ECO "A65"]
[WhiteElo "2517"]
[BlackElo "2232"]
[Annotator "TA"]
[PlyCount "51"]
[EventDate "2022.04.12"]
[EventType "swiss"]
[EventCountry "MEX"]
[SourceTitle "playchess.com"]
[Source "ChessBase"]
[SourceQuality "1"]
[TimeControl "5400+30"]

1. d4 Nf6 2. c4 c5 3. d5 g6 4. Nc3 Bg7 5. e4 d6 6. f3 O-O 7. Nge2 e6 8. Ng3 exd5 9. cxd5 a6 10. a4 Nbd7 11. Be2 Qc7 {[%emt 0:09:24] A65: Modern Benoni: 6 e4.} 12. O-O Rb8 13. Be3 c4 (13... Re8 $14 {deserves consideration.}) 14. Qd2 $16 Nc5 15. Bxc4 Ncxe4 16. Ngxe4 {[%emt 0:13:38] [#]} Qxc4 $146 ({Predecessor:} 16... Nxe4 17. Nxe4 Qxc4 18. Nxd6 Qh4 19. g3 Qf6 20. Nxc8 Rbxc8 21. d6 Rfd8 22. Rad1 Rd7 {0-1 (29) Sachdev,T (2392)-Cori Tello,D (2388) Chess.com INT 2021}) 17. Nxd6 {[%emt 0:00:56] Pair of Knights!} Qb4 {[%emt 0:01:52] [#]} 18. Nde4 {[%emt 0:00:10] &Bianco is much more active. The black rooks are badly placed.} (18. Rf2 $1 $16) 18... Bf5 $2 (18... Nxe4 $1 $14 19. fxe4 Bd7) 19. Nxf6+ $1 $18 Bxf6 {[%emt 0:00:07] [#]} 20. Ne4 (20. g4 $1 $18 {[%cal Rg4f5] and White stays clearly on top.} Rfe8 21. Rad1 (21. gxf5 Rxe3 22. Rad1 Qc5 $14)) 20... Qxb2 $16 21. Nxf6+ Qxf6 22. d6 {[%emt 0:03:19] Threatens to win with Bg5.} Rbc8 23. Rac1 {[%emt 0:24:37] Against Rc2} Rfd8 24. Rxc8 Rxc8 $2 (24... Bxc8 $16 25. Rd1 Re8) 25. Re1 $2 ({Stronger than} 25. d7 Rd8 $11) (25. Bg5 $18 Rc2 {[#]} 26. Qxc2 $3 Qxg5 27. Qc1) 25... Rd8 $2 (25... Bd7 $14) 26. Bg5 {[%emt 0:01:38] Weighted Error Value: White=0.33/Black=0.58} 1-0

[Event "67th Mexican-ch Open 2022"]
[Site "Chihuahua"]
[Date "2022.04.15"]
[Round "5.8"]
[White "Ibarra Chami, Luis Fernando"]
[Black "Flores Guerrero, Jesus Aldair"]
[Result "1-0"]
[ECO "A84"]
[WhiteElo "2451"]
[BlackElo "2251"]
[Annotator "TA"]
[PlyCount "64"]
[EventDate "2022.04.12"]
[EventType "swiss"]
[EventCountry "MEX"]
[SourceTitle "playchess.com"]
[Source "ChessBase"]
[SourceQuality "1"]
[TimeControl "5400+30"]

1. c4 f5 2. Nf3 Nf6 3. g3 b6 4. Bg2 Bb7 5. O-O e6 6. d4 Be7 7. d5 Qc8 8. Nc3 O-O 9. a3 a5 10. Nd4 {[%emt 0:04:44] [#] A84: Dutch Defence: 2 c4 Miscellaneous.} c6 $146 (10... Na6 $14) ({Predecessor:} 10... c5 11. Ndb5 Na6 12. Na4 Bd8 13. Nd6 Qb8 14. Nxb7 Qxb7 15. dxe6 Ne4 16. Nc3 dxe6 17. Nxe4 fxe4 18. Qc2 Ra7 19. Bxe4 Qf7 20. Bxh7+ Kh8 21. Bg6 Qf6 22. Qe4 Bc7 23. Qg4 Rd8 24. Qh5+ {1-0 (25) Zwardon,V (2466)-Orgon,D (1989) Kouty nad Desnou 2019}) 11. Bf4 $16 {[%emt 0:09:20] &Bianco is more active.} cxd5 (11... Bc5 $16) 12. cxd5 $18 {[%emt 0:00:27] White is clearly better.} Nxd5 13. Nxd5 Bxd5 14. Bxd5 exd5 15. Rc1 Nc6 16. Qb3 Qe8 17. Qxd5+ Qf7 18. Qxf7+ Rxf7 19. Nxc6 dxc6 20. Rxc6 Bc5 21. Rd1 Re8 22. e3 h6 (22... Rb7 $16 23. Rb1 Be7) 23. Rd5 g5 24. Be5 ({And not} 24. Rxh6 gxf4 25. gxf4 Re4 $15) 24... Bf8 {[%emt 0:03:39] [#]} (24... Kh7 25. Bd4 Bxd4) 25. Rxb6 {[%emt 0:00:40] White is clearly winning.} a4 26. Ra6 {[%emt 0:01:18] Prevents Ra8.} Rfe7 27. Bf6 Rc7 28. Rxf5 Rf7 29. g4 Re4 30. h3 Rc7 31. Ra8 Rc1+ 32. Kg2 Rd4 {[%emt 0:01:33] White took control after the opening.  Weighted Error Value: White=0.04 (flawless) /Black=0.39} 1-0

[Event "67th Mexican-ch Open 2022"]
[Site "Chihuahua"]
[Date "2022.04.15"]
[Round "5.9"]
[White "Figueredo Losada, Leonel"]
[Black "Perez Gormaz, Matias"]
[Result "0-1"]
[ECO "B12"]
[WhiteElo "2342"]
[BlackElo "2404"]
[Annotator "TA"]
[PlyCount "64"]
[EventDate "2022.04.12"]
[EventType "swiss"]
[EventCountry "MEX"]
[SourceTitle "playchess.com"]
[Source "ChessBase"]
[SourceQuality "1"]
[TimeControl "5400+30"]

1. e4 c6 2. d4 d5 3. e5 Bf5 4. Nc3 e6 5. g4 Bg6 6. Nge2 c5 7. Be3 Nc6 8. dxc5 Nxe5 {[%emt 0:02:13] 8...h5 is the fancy move.} 9. Nd4 Nc6 10. Bb5 {[%emt 0:02:17] B12: Caro-Kann: Advance Variation.} Rc8 11. Qe2 Nf6 12. O-O-O (12. f4 $11) 12... Be7 (12... Bxc5 $17 {aiming for ...0-0.} 13. g5 (13. Nxe6 Bxe3+ 14. Qxe3 fxe6 $17) 13... Nd7 14. Bxc6 bxc6) 13. g5 Nd7 14. h4 {[%emt 0:00:05] [#]} (14. Nb3 $11 {keeps the balance.}) 14... Nxd4 $146 (14... Bxc5 15. h5 Be4 16. Nxe4 dxe4 17. Bxc6 bxc6 18. h6 $16) ({Predecessor:} 14... Bxc5 15. Bxc6 bxc6 16. h5 Bxd4 17. Bxd4 Bf5 18. h6 Qxg5+ 19. Kb1 Qf4 20. Bxg7 Rg8 {0-1 (67) Herrstrom,T (2280)-Vernersson,P (2345) Ronneby 1998}) 15. Bxd4 O-O 16. Bxd7 Qxd7 17. Qe3 Bf5 18. h5 Qc7 (18... b6 $5 19. cxb6 Rxc3 $1 20. bxc3 (20. Qxc3 $2 Rc8 $19) 20... Qa4 $15) 19. g6 (19. Rd2 $1 $15) 19... fxg6 (19... hxg6 20. b4 $11 (20. h6 f6 $17)) (19... h6 $19 {White must now prevent ...Bg5.} 20. gxf7+ Rxf7) 20. hxg6 hxg6 21. Rh8+ (21. Rd2 $17) 21... Kf7 $19 22. Rh7 {[%emt 0:00:02] Strongly threatening Nb5.} Rg8 23. Nb5 Qa5 24. Qb3 a6 ({Worse is} 24... Bxc5 25. Bxc5 Rxc5 26. Nd6+ Kf6 27. Nxb7 Bxc2 28. Qf3+ (28. Qe3 Qxa2 29. Qf4+ Bf5+ 30. Nxc5 Qa1+ 31. Kd2 Qxb2+ 32. Ke1 Qc3+ 33. Qd2 Qxc5 $17) 28... Bf5+ 29. Nxc5 Qxc5+ 30. Qc3+ Qxc3+ 31. bxc3 $15) 25. Nc3 Bxc5 {[%emt 0:00:43] This bishop pair is nice.} (25... g5 $19 26. Rhh1 Bxc5 27. Qxb7+ Rc7) 26. Nxd5 $17 exd5 27. Qxd5+ {[%emt 0:00:04] [#]} Kf8 ({Better is} 27... Be6 $1 $17 28. Qe5 {[#]} Qxa2 $1 29. Rxg7+ Rxg7 30. Qxg7+ Ke8 31. Bxc5 Rxc5 32. Qxg6+ Bf7 33. Qe4+ Qe6 34. Qxb7 Bg6) 28. c3 $2 (28. Rdh1 $1 $11 {and White is okay.} Ke7 29. Qe5+ Kd7 30. Qd5+ Ke7 31. Qe5+ Kd7 32. Qd5+ Ke7) 28... Qc7 $19 29. Be5 Qf7 30. Bd6+ Bxd6 31. Qxd6+ Qe7 32. Qd5 Qe4 {[%emt 0:01:21] Weighted Error Value: White=0.58/Black=0.23 (precise)} 0-1

[Event "67th Mexican-ch Open 2022"]
[Site "Chihuahua"]
[Date "2022.04.15"]
[Round "5.10"]
[White "Gonzalez Arroyo, Lenin"]
[Black "Torres Rosas, Luis Carlos"]
[Result "1/2-1/2"]
[ECO "B32"]
[WhiteElo "2210"]
[BlackElo "2356"]
[Annotator "TA"]
[PlyCount "50"]
[EventDate "2022.04.12"]
[EventType "swiss"]
[EventCountry "MEX"]
[SourceTitle "playchess.com"]
[Source "ChessBase"]
[SourceQuality "1"]
[TimeControl "5400+30"]

1. e4 c5 2. Nf3 Nc6 3. d4 cxd4 4. Nxd4 e5 5. Nb5 d6 6. a4 a6 {[%emt 0:05:19] B32: Sicilian: Löwenthal and Kalashnikov Variations.} 7. N5c3 Be7 8. Nd5 Nf6 {[%emt 0:00:09] White has an edge.} 9. Nbc3 Nxd5 10. Nxd5 O-O 11. Be3 Be6 {[%emt 0:01:16] [#]} 12. Be2 $146 ({Predecessor:} 12. c3 f5 13. exf5 Bxf5 14. Bc4 Kh8 15. O-O Bg5 16. Qd2 Bxe3 17. Nxe3 Na5 18. Ba2 {0-1 (28) Bodrova,N (1908)-Stakh,A Ilichevsk 2007}) 12... Bg5 13. Bb6 Qd7 14. O-O Rac8 {[%emt 0:11:24] Prevents Nc7.} 15. Ra3 Bxd5 16. exd5 ({Of course not} 16. Qxd5 Nb4 17. Qb3 Nxc2 $15) 16... Ne7 17. c4 Ng6 18. Be3 Bxe3 19. fxe3 f5 20. Rb3 e4 21. Qd4 Ne5 22. a5 Qc7 23. Rb6 Rfd8 (23... Nd7 $11 24. Rb3 g6) 24. h3 (24. Rxf5 $16 Nd7 25. b4 (25. Qxe4 Re8 $15)) 24... Rd7 (24... g6 $11) 25. Rb3 (25. b4 $16) 25... Qxa5 {[%emt 0:00:30] Weighted Error Value: White=0.25 (precise) /Black=0.22 (precise)} 1/2-1/2

[Event "67th Mexican-ch Open 2022"]
[Site "Chihuahua"]
[Date "2022.04.15"]
[Round "5.11"]
[White "Fernandez Hernandez, Arturo A."]
[Black "Lopez Raygoza, Luis Alberto"]
[Result "1-0"]
[ECO "A17"]
[WhiteElo "2376"]
[BlackElo "2207"]
[Annotator "TA"]
[PlyCount "103"]
[EventDate "2022.04.12"]
[EventType "swiss"]
[EventCountry "MEX"]
[SourceTitle "playchess.com"]
[Source "ChessBase"]
[SourceQuality "1"]
[TimeControl "5400+30"]

1. Nf3 Nf6 2. c4 e6 3. e3 d5 4. Nc3 Bd6 5. d4 O-O 6. Bd3 {[%emt 0:02:44] A17: English Opening: 1...Nf6 with ...Bb4.} dxc4 7. Bxc4 a6 8. a4 (8. e4 $14 Be7 9. Bb3) 8... c5 9. O-O Nc6 10. Qe2 {[%emt 0:02:51] [#]} Qe7 $146 ({Predecessor:} 10... Qc7 11. Rd1 Rd8 12. h3 h6 13. d5 exd5 14. Nxd5 Nxd5 15. Bxd5 Nb4 16. Bc4 Bf5 {½-½ (76) Rambaldi,F (2556)-Christiansen,J (2504) Porto Mannu 2018}) 11. Rd1 b6 12. dxc5 Bxc5 13. e4 Ng4 14. Bg5 (14. Rf1 $1 $15) 14... Qc7 $17 15. Bh4 {[%emt 0:02:48] [#]} Nd4 $1 16. Rxd4 Bxd4 17. Bg3 Be5 18. Nxe5 Nxe5 19. Bb3 Qc5 20. Rd1 (20. Rc1 $142) 20... Bb7 21. Nd5 (21. Qh5 $17 {was worth a try.} Nd3 22. Qe2) 21... Nc6 $19 (21... exd5 22. Bxe5 Rfe8 23. Bd4 $17) 22. Bd6 {[%emt 0:13:58] [#]} Nd4 $1 23. Nf6+ Kh8 24. Qe3 Qxd6 25. Rxd4 Qc6 (25... Qe7 $19 26. Ng4 Rfd8) 26. Rc4 $40 {[%emt 0:00:36][%mdl 128] Black needs to defend precisely.} Qxc4 27. Bxc4 $16 gxf6 28. Qxb6 Rab8 29. Qd4 {[%emt 0:00:44] Prevents Bd5.} (29. Bxa6 Bxa6 30. Qxa6 Rxb2 $11) 29... Kg7 (29... e5 $142 30. Qe3 Rbd8) 30. e5 $18 f5 31. Qh4 {[%emt 0:00:50] Strongly threatening Qf6+.} h6 32. f3 Kh7 33. Qe7 {[%emt 0:00:51] Hoping for Bxe6.} Kg8 34. Kf2 (34. Qf6 $18) 34... Bd5 $14 35. Bxd5 $1 (35. Bxa6 Rxb2+ 36. Kg3 Kg7 $11) 35... Rxb2+ ({Black should try} 35... Rfe8 $1 $14 36. Qf6 exd5) 36. Ke3 ({White has to play} 36. Kg3 $16 exd5 37. Qf6) 36... exd5 $11 {[%emt 0:00:10][%mdl 4096] Endgame KQ-KRR} 37. g3 Rb6 (37... Rxh2 38. Kf4 $14) (37... Rb3+ $11 38. Kf4 Rfb8) 38. Kf4 $16 d4 $2 {[%emt 0:03:01] [#] This costs Black the game.} (38... Rc8 $16) 39. Qd7 $1 $18 (39. Kxf5 $6 Rfb8 40. Qd7 Rg6 41. Qxd4 Rc8 $18) 39... Kg7 40. Kxf5 ({Don't do} 40. Qxd4 $6 Rfb8 41. Kxf5 (41. e6+ Kg6 $11) 41... Rb4 $18) 40... Re6 (40... Rfb8 $142 41. f4 (41. Qxd4 Rb4 $18) 41... Kg8 42. Qxd4 Rc6) 41. Qxd4 Rc8 42. f4 Rc2 43. Kg4 {[%emt 0:00:10] And now f5 would win.} Re2 44. Kf3 Re1 45. Qc3 Rb1 46. f5 {[%emt 0:00:34] White wants to mate with f6+.} Reb6 47. e6+ (47. f6+ $142 Kh7 48. Qc2+ Kh8 49. Qc8+ Kh7 50. Qf5+ Kh8 51. Qg4 Rf1+ 52. Kg2) 47... Kh7 48. Qf6 R1b3+ 49. Kg2 fxe6 50. Qg6+ Kh8 51. f6 (51. Qe8+ $142 Kg7 52. Qe7+ Kh8 53. f6 Rb7 {[#]} 54. f7 $1 Rb8 55. f8=Q+ Rxf8 56. Qxf8+ Kh7 57. Qf7+ Kh8 58. Qxe6 Rb2+ 59. Kh3) 51... Rb7 52. f7 {[%emt 0:00:07] Weighted Error Value: White=0.26 (precise) /Black=0.71} 1-0